 Dungeon Crawl Stone Soup version 0.17-a0-435-gc4df345 (webtiles) character file.

189 krae the Insei (level 5, -4/27 HPs)
             Began as a Vine Stalker Monk on Apr 4, 2015.
             Was a Believer of Cheibriados (penitent).
             Slain by an ogre
             ... wielding a +0 giant club
              (9 damage)
             ... on level 5 of the Dungeon.
             The game lasted 00:05:16 (1038 turns).

krae the Insei (Vine Stalker Monk)                  Turns: 1038, Time: 00:05:17

Health: -4/27      AC:  7    Str: 14    XL:     5   Next: 68%
Magic:  0/6        EV: 10    Int: 10    God:    Cheibriados [*]
Gold:   89         SH:  0    Dex: 17    Spells: 0 memorised, 4 levels left

rFire  . . .     SeeInvis .       - Unarmed
rCold  . . .     Clarity  .     j - +0 scale mail
rNeg   . . .     SustAb   .     (no shield)
rPois  .         Gourm    .     (no helmet)
rElec  .         Spirit   +     (no cloak)
rCorr  +         Warding  .     (no gloves)
rMut   .         Stasis   .     (no boots)
MR     .....                    n - amulet of resist corrosion
Stlth  +.........               (no ring)
                                (no ring)

@: about to teleport, very slow, not resistant to hostile enchantments, very
unstealthy
A: fangs 2, regeneration 1, shaggy fur 1, magic shield, antimagic bite, no
device heal 3, rot immunity
a: Renounce Religion


You were on level 5 of the Dungeon.
You worshipped Cheibriados.
Cheibriados was demanding penance.
You were not hungry.

You visited 1 branch of the dungeon, and saw 5 of its levels.

You collected 89 gold pieces.


Innate Abilities, Weirdness & Mutations

You have extremely sharp teeth.
Your natural rate of healing is unusually fast.
You are covered in fur (AC +1).
When hurt, damage is shared between your health and your magic reserves.
Your bite disrupts and absorbs the magic of your enemies.
Potions and wands cannot restore your health.
You are immune to rotting.


   Skills:
 - Level 2.6 Fighting
 - Level 2.4 Dodging
 - Level 2.4 Stealth
 + Level 6.7 Unarmed Combat


You had 4 spell levels left.
You didn't know any spells.

Inventory:

Armour
 a - a +0 robe
 j - a +0 scale mail (worn)
Jewellery
 n - an amulet of resist corrosion (around neck)
Magical devices
 o - a wand of random effects (22)
Scrolls
 e - 3 scrolls of identify {unknown}
 f - 3 scrolls of teleportation {@r4}
 g - 3 scrolls of remove curse {unknown}
 h - a scroll of immolation {unknown}
 i - a scroll of noise {unknown}
 k - a scroll of recharging {unknown}
 l - 2 scrolls of enchant weapon {unknown}
Potions
 c - 2 potions of curing {unknown}
 m - a potion of poison {unknown}
 q - a potion of brilliance {unknown}
 r - a potion of heal wounds {unknown}
 s - a potion of haste {unknown}
Comestibles
 b - 3 bread rations
 d - a meat ration
 p - a slice of pizza

Dungeon Overview and Level Annotations

Branches:
Dungeon (5/15)
 Temple: D:4-7

Altars:
Cheibriados

Shops:
D:4

[ .# #.### .....#
...# ###.#########
##.<.........#####
#>..<....fO.......
##.<...†.....#####
###.######### ...#
.....# ###.### .#
#. #


You could see an ogre.


Message History

An ogre comes into view. It is wielding a giant club.
You see here an amethyst potion.
s - an amethyst potion Evoke which item? (* to show all) (? for menu, Esc to quit)
Zapping:
o - a wand of random effects (will waste charges)
Aim: an ogre, wielding a giant club The ogre resists with some effort.
Evoking this partially-identified wand wasted a few charges.
Evoke which item? (* to show all) (? for menu, Esc to quit)
Zapping:
o - a wand of random effects {zapped: 3} (will waste charges)
Aim: an ogre, wielding a giant club Cheibriados thinks you should slow down.
You feel very guilty. "You will pay for your transgression, mortal!"
The ogre seems to speed up.
Evoking this partially-identified wand wasted a few charges.
Your scale mail prevents you from hitting the ogre.
You bite the ogre, but do no damage. The ogre closely misses you.
You punch the ogre! You bite the ogre. You drain its power.
The ogre is heavily wounded.
The ogre hits you with a giant club!!
Ouch! That really hurt!
* * * LOW HITPOINT WARNING * * *
Drink which item? (? for menu, Esc to quit)
Okay, then.
Read which item? (? for menu, Esc to quit)
As you read the scroll labeled BYRIEN JIPHAENLEI, it crumbles to dust.
You feel strangely unstable.
It was a scroll of teleportation.
The ogre hits you with a giant club!
You die...

Action                   |  1- 3 |  4- 6 || total
-------------------------+-------+-------++-------
Melee: Unarmed           |    86 |    62 ||   148
Evoke: Wand              |       |     2 ||     2
  Use: Scroll            |       |     1 ||     1
 Stab: Sleeping          |       |     1 ||     1

Vault maps used:
D:1:      dpeg_arrival_castle, roderic_bipointed_swastika
D:2:      cheibriados_altar_1, serial_aquarium, aquarium_bridge_square,
          aquarium_bridge_square, aquarium_window_2, aquarium_window_fake,
          aquarium_window_fake, aquarium_view_2d, aquarium_view_2d,
          aquarium_balcony_1b, uniq_terence, uniq_iyjb, uniq_jessica
D:3:      gammafunk_temple_overflow_claw, minmay_item_behind_shaft
D:4:      minmay_temple_entry_glassed_door, first_bread, serial_shops, shop
D:5:      erik_ogre, kennysheep_mini, uniq_eustachio

Notes
Turn   | Place    | Note
--------------------------------------------------------------
     0 | D:1      | krae, the Vine Stalker Monk, began the quest for the Orb.
     0 | D:1      | Reached XP level 1. HP: 11/11 MP: 2/2
   242 | D:1      | Reached XP level 2. HP: 11/16 MP: 1/3
   308 | D:2      | Noticed Terence
   408 | D:1      | Killed Terence
   408 | D:1      | Reached skill level 5 in Unarmed Combat
   408 | D:1      | Reached XP level 3. HP: 8/19 MP: 4/4
   516 | D:2      | Found a snail-covered altar of Cheibriados.
   535 | D:2      | Became a worshipper of Cheibriados the Contemplative
   535 | D:2      | Acquired Cheibriados's first power
   550 | D:2      | Noticed Ijyb
   560 | D:2      | Killed Ijyb
   560 | D:2      | Reached XP level 4. HP: 19/23 MP: 5/5
   789 | D:4      | Reached skill level 6 in Unarmed Combat
   859 | D:4      | Reached XP level 5. HP: 19/27 MP: 6/6
  1003 | D:4      | Found Kaugen Edgh's Armour Shoppe.
  1019 | D:5      | Entered Level 5 of the Dungeon
  1030 | D:5      | Noticed an ogre
  1035 | D:5      | Was placed under penance by Cheibriados
  1038 | D:5      | Slain by an ogre

Vanquished Creatures
  Ijyb (D:2)
  Terence (D:1)
  3 worker ants
  An adder (D:3)
  2 worms
  3 giant geckos
  An orc (D:3)
  5 hobgoblins
  7 jackals
  2 bats
  A giant gecko skeleton (D:4)
  2 giant newts
  5 goblins
  4 kobolds
  A quokka (D:4)
  A quokka skeleton (D:4)
  3 rats
43 creatures vanquished.
